 Dungeon Crawl Stone Soup version 0.31-a0-16-g6d2539766c (webtiles) character file.

Game seed: 18401927602478453939

51908 Elsrick the Executioner (level 14, -2/129 HPs)
             Began as a Minotaur Fighter on May 8, 2023.
             Was a High Priest of the Shining One.
             Slain by a tarantella (6 damage)
             ... summoned by a broodmother
             ... on level 1 of the Spider Nest.
             The game lasted 00:59:41 (15508 turns).

Elsrick the Executioner (Minotaur Fighter)         Turns: 15508, Time: 00:59:42

Health: -2/129     AC: 24    Str: 40    XL:     14   Next: 25%
Magic:  8/13       EV:  7    Int:  5    God:    the Shining One [*****.]
Gold:   1328       SH:  0    Dex: 10    Spells: 13/13 levels left

rFire   . . .        Y - +8 battleaxe "Vuor" {speed, rElec rC+ Will+}
rCold   . . .        (shield currently unavailable)
rNeg    + + .        B - +0 crystal plate armour
rPois   .            (helmet restricted)
rElec   +            (no cloak)
rCorr   .            (no gloves)
SInv    .            L - +0 pair of boots of the Cobbler {rC- Will+ Regen+ Str+2}
Will    +++..        (no amulet) Stlth
                     M - +6 ring of strength
HPRegen 1.21/turn    I - +6 ring of strength
MPRegen 0.13/turn

%: no passive effects
@: glowing, studying Transmutations
A: horns 2, retaliatory headbutt
a: Renounce Religion, Divine Shield, Cleansing Flame, Summon Divine Warrior


You were on level 1 of the Spider Nest.
You worshipped the Shining One.
The Shining One was extremely pleased with you.
You visited 4 branches of the dungeon, and saw 16 of its levels.
You also visited: Bailey and Gauntlet.

You collected 1328 gold pieces.

Inventory:

Hand Weapons
 k - the +4 war axe of the Shouting Fulmar {flame, Will+}
   (You found it on level 2 of the Dungeon)

   Will:      It increases your willpower.
 O - the +0 trident of Subjectivity {venom, rPois Will+ Int+5 Dex-3}
   (You found it on level 1 of the Lair of Beasts)

   Int:       It affects your intelligence (+5).
   Dex:       It affects your dexterity (-3).
   rPois:     It protects you from poison.
   Will:      It increases your willpower.
 R - the +7 spear "Widowermaker" {venom, rElec rCorr}
   (You found it in a Gauntlet)

   rElec:     It insulates you from electricity.
   rCorr:     It protects you from acid and corrosion.
 Y - the +8 battleaxe "Vuor" (weapon) {speed, rElec rC+ Will+}
   (You found it on level 4 of the Lair of Beasts)

   rC:        It protects you from cold.
   rElec:     It insulates you from electricity.
   Will:      It increases your willpower.
 Z - the +5 sling of Hatred {antimagic, rCorr Str+3 Int+2 Dex-2}
   (You found it on level 5 of the Lair of Beasts)

   Str:       It affects your strength (+3).
   Int:       It affects your intelligence (+2).
   Dex:       It affects your dexterity (-2).
   rCorr:     It protects you from acid and corrosion.
Missiles
 S - 5 boomerangs of dispersal (quivered)
Armour
 B - a +0 crystal plate armour (worn)
 C - an orb of wrath
 H - a +1 buckler of protection
 L - the +0 pair of boots of the Cobbler (worn) {rC- Will+ Regen+ Str+2}
   (You found it in a Gauntlet)

   Str:       It affects your strength (+2).
   rC:        It makes you vulnerable to cold.
   Regen:     It increases your rate of health regeneration.
   Will:      It increases your willpower.
 X - a +2 pair of boots of rampaging
Jewellery
 c - a +6 ring of dexterity
 n - a ring of protection from cold
 I - a +6 ring of strength (right hand)
 M - a +6 ring of strength (left hand)
Wands
 s - a wand of digging (10)
 u - a wand of roots (5)
 J - a wand of charming (15)
 K - a wand of flame (27)
Scrolls
 a - a scroll of acquirement {unknown}
 e - 2 scrolls of vulnerability
 g - 2 scrolls of enchant armour
 j - a scroll of summoning
 l - a scroll of amnesia {unknown}
 m - 5 scrolls of teleportation
 o - a scroll of magic mapping
 p - a scroll of brand weapon
 r - a scroll of immolation
 t - 3 scrolls of poison
 w - a scroll of fog {unknown}
 G - a scroll of fear {unknown}
 N - 2 scrolls of noise {unknown}
 U - a scroll of blinking {unknown}
 V - a scroll of silence {unknown}
Potions
 b - a potion of berserk rage {unknown}
 d - a potion of lignification
 f - 4 potions of curing
 h - 3 potions of mutation
 i - 9 potions of heal wounds
 q - 4 potions of degeneration
 x - 3 potions of invisibility
 z - 4 potions of haste
 A - 4 potions of flight
 D - a potion of cancellation
 E - 2 potions of brilliance
 W - a potion of might
Miscellaneous
 P - a phial of floods


   Skills:
 + Level 13.5 Fighting
 * Level 22.0(22.1) Axes
 - Level 3.4(14.9) Maces & Flails
 + Level 14.3 Armour
 + Level 0.2 Stealth
 + Level 5.1 Shields


You had 13 spell levels left.
You didn't know any spells.
Your spell library contained the following spells:

 Spells                   Type           Power      Damage    Failure   Level
 Beastly Appendage        Tmut           0%         N/A       99%         1
 Magic Dart               Conj           0%         1d3       99%         1
 Summon Small Mammal      Summ           0%         N/A       99%         1
 Blink                    Tloc           0%         N/A       100%        2
 Call Imp                 Summ           0%         N/A       100%        2
 Cigotuvi's Dreadful Rot  Necr/Pois/Air  0%         N/A       100%        2
 Ensorcelled Hibernation  Hex/Ice        0%         N/A       100%        2
 Lesser Beckoning         Tloc           0%         N/A       100%        2
 Momentum Strike          Conj/Tloc      0%         3d8       100%        2
 Passwall                 Tmut/Erth      0%         N/A       100%        2
 Wereblood                Tmut           0%         N/A       100%        2
 Call Canine Familiar     Summ           0%         N/A       100%        3
 Dazzling Flash           Conj/Hex       0%         N/A       100%        3
 Frozen Ramparts          Ice            0%         1d1       100%        3
 Ignite Poison            Fire/Tmut/Pois 0%         N/A       100%        3
 Mephitic Cloud           Conj/Pois/Air  0%         N/A       100%        3
 Spider Form              Tmut/Pois      0%         N/A       100%        3
 Summon Guardian Golem    Hex/Summ       0%         N/A       100%        3
 Swiftness                Air            0%         N/A       100%        3
 Volatile Blastmotes      Fire/Tloc      0%         2d10      100%        3
 Anguish                  Hex/Necr       0%         N/A       100%        4
 Cause Fear               Hex            0%         N/A       100%        4
 Ice Form                 Ice/Tmut       0%         N/A       100%        4
 Iskenderun's Mystic Bla  Conj/Tloc      0%         2d3       100%        4
 Summon Ice Beast         Ice/Summ       0%         N/A       100%        4
 Blade Hands              Tmut           0%         N/A       100%        5
 Freezing Cloud           Conj/Ice/Air   0%         6-21      100%        5
 Irradiate                Conj/Tmut      0%         3d11      100%        5
 Summon Forest            Summ/Tloc      0%         N/A       100%        5
 Summon Mana Viper        Hex/Summ       0%         N/A       100%        5
 Starburst                Conj/Fire      0%         6d3       100%        6
 Statue Form              Tmut/Erth      0%         N/A       100%        6
 Summon Cactus Giant      Summ           0%         N/A       100%        6
 Dragon Form              Tmut           0%         N/A       100%        7
 Enfeeble                 Hex            0%         N/A       100%        7


Dungeon Overview and Level Annotations

Branches:
Dungeon (9/15)             Temple (1/1) D:6            Lair (5/5) D:9
  Swamp (0/4) Lair:3       Spider (1/4) Lair:3        Slime (0/5) Lair:4
 Bailey (visited)         Gauntlet (visited)
    Orc: D:9-12

Altars:
Ashenzari
Cheibriados
Dithmenos
Elyvilon
Fedhas
Gozag
Hepliaklqana
Kikubaaqudgha
Makhleb
Nemelex Xobeh
Okawaru
Qazlal
Ru
Sif Muna
Trog
Uskayaw
Vehumet
Wu Jian
Xom
Yredelemnul
Zin
The Shining One

Shops:
D:5 *

Annotations:
Lair:2 exclusion: oklob plant


Innate Abilities, Weirdness & Mutations

You have a pair of horns on your head.
You reflexively headbutt those who attack you in melee.


Message History

You kill the redback!
The redback's corpse disappears in a puff of smoke!
You slash the tarantella! You hit the redback.
You cut the redback into ribbons!!!
You kill the redback!
The redback's corpse disappears in a puff of smoke!
* * * LOW HITPOINT WARNING * * *
You feel extremely sick. The redback barely misses you.
You furiously retaliate!
You headbutt the redback, but do no damage.
The tarantella touches you!
* * * LOW HITPOINT WARNING * * *
The jumping spider leaps!
You feel better.
The redback bites you but does no damage.
The tarantella touches you.
* * * LOW HITPOINT WARNING * * *
The tarantella touches you but does no damage. x2
The broodmother barely misses you. You furiously retaliate!
You headbutt the broodmother. The tarantella touches you.
* * * LOW HITPOINT WARNING * * *
The redback barely misses you. You furiously retaliate!
You headbutt the redback. The tarantella touches you!
* * * LOW HITPOINT WARNING * * *
As you read the scroll labelled NIMEGY HAELEXT, it crumbles to dust.
Wisps of shadow whirl around you...
It was a scroll of summoning.
The culicivora bites your tarantella!!
The tarantella touches you but does no damage.
The redback completely misses you. You furiously retaliate!
You headbutt the redback.
The tarantella touches you but does no damage.
The tarantella closely misses you. You furiously retaliate!
You headbutt the tarantella! The broodmother barely misses you.
You furiously retaliate!
You headbutt the broodmother.
The jumping spider leaps!
As you read the scroll labelled FEEF EV LUSUA, it crumbles to dust.
The creatures around you are filled with an inner flame!
It was a scroll of immolation.
The culicivora misses your tarantella. The tarantella touches you.
You die...

.#. .. #.#.. #.# .#.#
##..####. ..s#....#...#.
#.#.y.##..#..# .
#.#.s##..#..#. #..
###s§.#............
#....#sssy..#...........
#..○.ss@ss..........##..
#...ss###.#s.....##.##.#
#.... ####..##.##....#
#... #..##....^... ...
#............ ..
##............ .
..#####..........^##
...................#
#..................#


You could see a broodmother (inner flame, ally target), a sun moth (inner
flame), a culicivora (summoned, inner flame), 4 tarantellas, a redback
(summoned, inner flame), a friendly spark wasp (summoned, inner flame), a
friendly wolf spider (summoned, inner flame), 2 friendly tarantellas and 3
friendly redbacks.

Vanquished Creatures
  The ghost of elongatedgoose the Severer, a journeyman DsGl of Wu Jian (Lair:4)
  A minotaur (Gauntlet)
  The ghost of Icosk the Cleaver, a journeyman MeRe of Okawaru (Lair:4)
  A fire dragon (Lair:5)
  An entropy weaver (Spider:1)
  3 hydras
  A catoblepas (Lair:1)
  A radroach (Spider:1)
  A boulder beetle (Lair:3)
  5 death yaks (Lair:1)
  A two-headed ogre (D:8)
  A thrashing horror (Gauntlet)
  2 skysharks (Lair:3)
  A swamp dragon (Lair:5)
  A wizard (Gauntlet)
  2 orb spiders (Spider:1)
  4 wolf spiders (Spider:1)
  Pikel (D:8)
  An orc knight (Bailey)
  A deep elf pyromancer (Bailey)
  4 elephants (Lair:4)
  6 black mambas
  6 cane toads
  An unseen horror (D:7)
  2 rime drakes
  9 komodo dragons
  20 blink frogs
  13 polar bears
  5 tarantellas (Spider:1)
  3 raiju (Lair:5)
  14 dream sheep
  4 jumping spiders (Spider:1)
  2 wyverns
  15 yaks
  A wraith (D:9)
  2 steam dragons
  8 redbacks (Spider:1)
  3 basilisks
  4 wargs (Lair:5)
  2 acid dragons (Lair:5)
  2 swamp worms (Gauntlet)
  8 water moccasins
  14 hell hounds (Lair:5)
  2 swamp drakes (Lair:5)
  7 orc warriors
  2 ice beasts (D:6)
  A sky beast (D:8)
  12 black bears
  25 wolves
  3 centaurs
  2 ogres
  2 lemures (D:8)
  2 phantoms (D:4)
  2 small abominations (Gauntlet)
  10 bullfrogs
  5 kobold brigands
  3 scorpions
  2 gnoll sergeants
  3 wights (D:8)
  6 killer bees
  10 howler monkeys
  5 electric eels (Lair:3)
  3 hounds
  7 jellies
  2 sleepcaps
  4 orc priests
  9 iguanas
  12 orc wizards
  11 gnolls
  6 adders
  3 shadow imps
  A white imp (D:8)
  2 ufetubi
  3 worms (D:2)
  4 dart slugs
  33 orcs
  19 endoplasms
  10 giant cockroaches
  13 goblins
  10 hobgoblins
  3 jackals (D:1)
  2 quokkas
  7 ball pythons
  2 bats
  3 frilled lizards (D:1)
  39 kobolds
  16 rats
507 creatures vanquished.

Vanquished Creatures (others)
  A jumping spider (Spider:1)
1 creature vanquished.

Grand Total: 508 creatures vanquished

Notes
Turn   | Place    | Note
-------+----------+-------------------------------------------
     0 | D:1      | Elsrick the Minotaur Fighter began the quest for the Orb.
     0 | D:1      | Reached XP level 1. HP: 19/19 MP: 0/0
   109 | D:1      | Reached XP level 2. HP: 27/27 MP: 1/1
   280 | D:1      | Reached XP level 3. HP: 33/33 MP: 2/2
   763 | D:2      | Identified the +4 war axe of the Shouting Fulmar {flame,
                  | Will+}
   870 | D:2      | Reached XP level 4. HP: 40/40 MP: 3/3
   894 | D:2      | Reached skill level 1 in Axes
  1171 | D:2      | Reached skill level 2 in Axes
  1540 | D:3      | Reached XP level 5. HP: 47/47 MP: 4/4
  1679 | D:3      | Found a radiant altar of Vehumet.
  2211 | D:3      | Found a faded altar of an unknown god.
  2302 | D:4      | Reached skill level 3 in Axes
  2358 | D:4      | Found a large runed translucent door.
  2358 | D:4      | Found a large runed translucent door.
  2399 | D:4      | Reached skill level 4 in Axes
  2399 | D:4      | Reached XP level 6. HP: 31/53 MP: 5/5
  2424 | D:4      | Reached skill level 5 in Axes
  2424 | D:4      | Reached skill level 5 in Armour
  2533 | D:4      | Found a broken altar of Ashenzari.
  2536 | D:4      | Found a hide-covered altar of Uskayaw.
  2734 | D:4      | Reached skill level 6 in Axes
  2734 | D:4      | Reached XP level 7. HP: 34/60 MP: 6/6
  3237 | D:5      | Entered Level 5 of the Dungeon
  3312 | D:5      | Found Xozym's Mayhem Merchandise.
  3651 | D:5      | Reached skill level 7 in Axes
  3656 | D:5      | Reached skill level 5 in Fighting
  4326 | D:6      | Reached skill level 8 in Axes
  4326 | D:6      | Reached XP level 8. HP: 57/68 MP: 7/7
  4640 | D:6      | Reached skill level 9 in Axes
  4774 | D:6      | Found a staircase to the Ecumenical Temple.
  4780 | Temple   | Entered the Ecumenical Temple
  4945 | Temple   | Became a worshipper of the Shining One
  5367 | D:7      | Reached skill level 10 in Axes
  5588 | D:7      | Reached XP level 9. HP: 68/78 MP: 8/8
  5710 | D:7      | Reached skill level 11 in Axes
  5894 | D:7      | Killed an unseen horror
  5895 | D:7      | Reached skill level 5 in Shields
  6262 | D:8      | Found a flagged portal.
  6272 | D:8      | Reached skill level 12 in Axes
  6321 | Bailey   | Entered a bailey
  6571 | Bailey   | Found a large runed translucent door.
  6571 | Bailey   | Found a large runed translucent door.
  6572 | Bailey   | Noticed a deep elf pyromancer
  6572 | Bailey   | Noticed an orc knight
  6590 | Bailey   | Killed an orc knight
  6591 | Bailey   | Reached skill level 13 in Axes
  6816 | Bailey   | Killed a deep elf pyromancer
  6817 | Bailey   | Reached XP level 10. HP: 86/86 MP: 9/9
  7107 | D:8      | Found a bloodstained altar of Trog.
  7307 | D:8      | Noticed a two-headed ogre
  7315 | D:8      | Killed a two-headed ogre
  7316 | D:8      | Reached skill level 14 in Axes
  7402 | D:8      | Found a shimmering altar of Xom.
  7448 | D:8      | Noticed Pikel
  7453 | D:8      | Killed Pikel
  7806 | D:9      | Found an iron altar of Okawaru.
  7919 | D:9      | Reached * piety under the Shining One
  8177 | D:9      | Reached skill level 15 in Axes
  8204 | D:9      | Found a sparkling altar of Nemelex Xobeh.
  8725 | D:9      | Found a staircase to the Lair.
  8924 | Lair:1   | Entered Level 1 of the Lair of Beasts
  8929 | Lair:1   | Noticed a cane toad
  8935 | Lair:1   | Killed a cane toad
  9053 | Lair:1   | Identified the +0 trident of Subjectivity {venom, rPois
                  | Will+ Int+5 Dex-3}
  9065 | Lair:1   | Noticed a death yak
  9066 | Lair:1   | Noticed a death yak
  9066 | Lair:1   | Noticed a death yak
  9066 | Lair:1   | Noticed a death yak
  9067 | Lair:1   | Noticed a death yak
  9107 | Lair:1   | Killed a death yak
  9108 | Lair:1   | Reached XP level 11. HP: 95/95 MP: 10/10
  9111 | Lair:1   | Killed a death yak
  9118 | Lair:1   | Killed a death yak
  9118 | Lair:1   | Killed a death yak
  9119 | Lair:1   | Reached skill level 16 in Axes
  9120 | Lair:1   | Killed a death yak
  9121 | Lair:1   | Reached skill level 10 in Armour
  9374 | Lair:1   | Found a gate leading to a gauntlet.
  9382 | Gauntlet | Entered a Gauntlet
  9382 | Gauntlet | Found a transporter.
  9382 | Gauntlet | Found a transporter.
  9386 | Gauntlet | Noticed a wizard
  9389 | Gauntlet | Reached ** piety under the Shining One
  9392 | Gauntlet | Found a transporter.
  9407 | Gauntlet | Found a transporter.
  9412 | Gauntlet | Noticed a wizard
  9424 | Gauntlet | Found a transporter.
  9435 | Gauntlet | Found a transporter.
  9508 | Gauntlet | Noticed a wizard
  9518 | Gauntlet | Found a transporter.
  9529 | Gauntlet | Found a transporter.
  9550 | Gauntlet | Found a transporter.
  9559 | Gauntlet | Found a transporter.
  9571 | Gauntlet | Noticed a thrashing horror
  9575 | Gauntlet | Found a transporter.
  9642 | Gauntlet | Found a transporter.
  9652 | Gauntlet | Found a transporter.
  9662 | Gauntlet | Found a transporter.
  9662 | Gauntlet | Noticed a catoblepas
  9686 | Gauntlet | Found a transporter.
  9697 | Gauntlet | Found a transporter.
  9728 | Gauntlet | Killed a wizard
  9729 | Gauntlet | Reached skill level 17 in Axes
  9949 | Gauntlet | Killed a thrashing horror
  9953 | Gauntlet | Reached *** piety under the Shining One
  9981 | Gauntlet | Identified the +0 pair of boots of the Cobbler {rC- Will+
                  | Regen+ Str+2}
  9994 | Gauntlet | Identified the +7 spear "Widowermaker" {venom, rElec rCorr}
 10014 | Gauntlet | Noticed a minotaur
 10021 | Gauntlet | Killed a minotaur
 10026 | Gauntlet | Identified the +0 robe of Dishonour {*Slow Str+6 Dex-2}
 10029 | Gauntlet | Got the Parchment of Changes
 10407 | Lair:1   | Noticed a catoblepas
 10412 | Lair:1   | Killed a catoblepas
 10909 | Lair:2   | Noticed a six-headed hydra
 10916 | Lair:2   | Killed a two-headed hydra
 10917 | Lair:2   | Reached skill level 18 in Axes
 10917 | Lair:2   | Reached XP level 12. HP: 106/106 MP: 11/11
 11380 | Lair:3   | Reached skill level 10 in Fighting
 11755 | Lair:3   | Found a transporter.
 11757 | Lair:3   | Found a transporter.
 11758 | Lair:3   | Noticed a boulder beetle
 11784 | Lair:3   | Found a staircase to the Swamp.
 12290 | Lair:3   | Found a hole to the Spider Nest.
 12439 | Lair:3   | Killed a boulder beetle
 12440 | Lair:3   | Reached skill level 19 in Axes
 12622 | Lair:4   | Noticed a four-headed hydra
 12627 | Lair:4   | Killed a one-headed hydra
 12925 | Lair:4   | Reached XP level 13. HP: 116/116 MP: 12/12
 12926 | Lair:4   | Identified the +8 battleaxe "Vuor" {speed, rElec rC+ Will+}
 12936 | Lair:4   | Found a staircase to the Slime Pits.
 13177 | Lair:4   | Found a runed translucent gate.
 13177 | Lair:4   | Found a runed translucent gate.
 13177 | Lair:4   | Found a runed translucent gate.
 13179 | Lair:4   | Noticed elongatedgoose's ghost (journeyman DsGl)
 13179 | Lair:4   | Noticed Icosk's ghost (journeyman MeRe)
 13192 | Lair:4   | Killed elongatedgoose's ghost
 13193 | Lair:4   | Reached skill level 20 in Axes
 13198 | Lair:4   | Killed Icosk's ghost
 13389 | Lair:4   | Reached **** piety under the Shining One
 13603 | Lair:4   | Upgraded the game from 0.31-a0-14-gc80a10f4b6 to
                  | 0.31-a0-16-g6d2539766c
 13651 | Lair:5   | Entered Level 5 of the Lair of Beasts
 13787 | Lair:5   | Identified the +5 sling of Hatred {antimagic, rCorr Str+3
                  | Int+2 Dex-2}
 13850 | Lair:5   | Identified the +6 rapier of the Rescuing Gods {venom,
                  | +Blink Will+ Str+2}
 13921 | Lair:5   | Reached skill level 21 in Axes
 13950 | Lair:5   | Reached ***** piety under the Shining One
 14512 | Lair:5   | Noticed a fire dragon
 14604 | Lair:5   | Killed a fire dragon
 14670 | Lair:5   | Identified the +1 helmet of Sasaleul {rPois rCorr Str-3
                  | Int-4}
 14754 | Lair:5   | Reached XP level 14. HP: 120/129 MP: 13/13
 15069 | Spider:1 | Entered Level 1 of the Spider Nest
 15429 | Spider:1 | Reached skill level 22 in Axes
 15488 | Spider:1 | Noticed a broodmother
 15503 | Spider:1 | The Shining One protects you from harm!
 15506 | Spider:1 | HP: 2/129 [tarantella[a broodmother] (9)]
 15508 | Spider:1 | Slain by a tarantella

Illustrated notes

Levels and vault maps discovered:
D:1:      lightli_arrival_farm, layout_rooms, minivault_27
D:2:      minmay_diamond_boxcup, layout_basic, minmay_rat_gold_closets
D:3:      layout_basic, fiery_altar_vehumet, basic_ecumenical_altar
D:4:      layout_basic, jmf_multi_god_temple2, supply_closet_lemuel,
          grunt_ministairs_15, minmay_box_of_dots
D:5:      nicolae_cairo_tiling_very_big, layout_cave_pods, minmay_shop_mayhem,
          minmay_liquid_box, chequers_serial_rivers_room_b
D:6:      layout_loops_cross, minmay_temple_entry_hall
D:7:      layout_cave_pools, nrook_mini_backslash
D:8:      layout_basic, nicolae_overflow_crystal_walls,
          mainiacjoe_overflow_alcove_1, enter_bailey_5, uniq_pikel
D:9:      layout_layer_cave, lemuel_tele_altar, okawaru_altar_gauntlet_db,
          david_lair_shrubbed
Temple:   regret_index_temple_generic_petals
Lair:1:   layout_regular_city, gauntlet_entry_generic, bh_autumn_forest_stairs,
          grunt_megastairs_3
Lair:2:   lemuel_slime, layout_regular_city
Lair:3:   gammafunk_boulding_lane, layout_regular_city, minmay_swamp_entry_eels,
          spider_nest_entry_web_field, grunt_megastairs_2, serial_bayou_shore_a,
          serial_bayou_shore_b
Lair:4:   layout_loops_ring, dpeg_slime_entry_enclosed,
          gammafunk_ghost_cemetery, serial_bayou_pond_c
Lair:5:   guppyfry_lair_end_dragon, layout_regular_city,
          hangedman_lair_caniforms_friends
Spider:1: layout_chambers, hangedman_spider_tarantella_strand, uniq_mlioglotl

Skill      XL: |  1  2  3  4  5  6  7  8  9 10 11 12 13 14 |
---------------+-------------------------------------------+-----
Fighting       | 4 5 6 7 8 9 11 13 | 13.5
Armour         | 4 5 6 8 9 11 13 14 | 14.3
Shields        | 4 5 |  5.1
Maces & Flails | 3 |  3.4
Axes           | 2 4 6 8 10 13 15 18 19 21 22 | 22.0
Stealth        | |  0.2

Action                     |  1- 3 |  4- 6 |  7- 9 | 10-12 | 13-15 || total
---------------------------+-------+-------+-------+-------+-------++-------
  Melee: Flail             |    76 |       |       |       |       ||    76
         Headbutt          |    12 |    17 |    31 |    62 |    75 ||   197
         War axe           |    10 |   106 |   194 |   295 |     1 ||   606
         Battleaxe         |       |       |       |       |   281 ||   281
 Invoke: Cleansing Flame   |       |       |       |       |     1 ||     1
  Evoke: Wand              |       |       |       |       |     3 ||     3
    Use: Scroll            |       |       |     8 |     2 |     8 ||    18
         Potion            |       |       |     1 |     2 |     3 ||     6
 Armour: Scale mail        |    56 |    40 |    13 |       |       ||   109
         Chain mail        |       |       |    26 |       |       ||    26
         Plate armour      |       |       |     8 |       |       ||     8
         Crystal plate arm |       |       |    98 |   160 |   204 ||   462
  Dodge: Dodged            |    53 |    44 |    54 |    87 |    81 ||   319
  Block: Buckler           |    24 |    21 |    34 |       |       ||    79

Table legend: (Time is in decaauts)
 A = Elapsed time spent in this place.
 B = Non-inter-level travel time spent in this place.
 C = Inter-level travel time spent in this place.
 D = Time resting spent in this place.
 E = Time spent auto-exploring this place.
 F = Levels seen in this place.
 G = Mean time per level.
                   A        B        C        D        E       F      G
               +--------+--------+--------+--------+--------+-----+--------+
         Total |  15851 |  15273 |    578 |   2920 |   8178 |  18 |  880.6 |
       Dungeon |   8203 |   7905 |    298 |   1193 |   4849 |   9 |  911.4 |
        Temple |    256 |    217 |     39 |      0 |    208 |   1 |  256.0 |
          Lair |   5565 |   5324 |    241 |   1015 |   2858 |   5 | 1113.0 |
   Spider Nest |    405 |    405 |      0 |     90 |      0 |   1 |  405.0 |
        Bailey |    705 |    705 |      0 |    424 |     36 |   1 |  705.0 |
      Gauntlet |    714 |    714 |      0 |    198 |    226 |   1 |  714.0 |
               +--------+--------+--------+--------+--------+-----+--------+

Top non-repeatable levels by time:
     D:9: 1305 daAuts
  Lair:5: 1256 daAuts
  Lair:4: 1229 daAuts
  Lair:3: 1228 daAuts
  Lair:1: 1091 daAuts
     D:5: 1088 daAuts
     D:4: 964 daAuts
     D:2: 953 daAuts
     D:7: 921 daAuts
     D:3: 793 daAuts
     D:8: 784 daAuts
     D:6: 783 daAuts
  Lair:2: 758 daAuts
Gauntlet: 714 daAuts
  Bailey: 705 daAuts
